 Dungeon Crawl Stone Soup version 0.23-a0-386-g9c9d49f (webtiles) character file.

263 Garbasso the Firebug (level 6, 0/55 HPs)
             Began as an Ogre Fire Elementalist on Oct 28, 2018.
             Shot with an arrow by a centaur (14 damage)
             ... on level 6 of the Dungeon.
             The game lasted 00:13:37 (4000 turns).

Garbasso the Firebug (Ogre Fire Elementalist)       Turns: 4000, Time: 00:13:38

Health: 0/55       AC:  3    Str: 18    XL:     6   Next: 19%
Magic:  1/11       EV: 10    Int: 18    God:
Gold:   194        SH:  0    Dex:  9    Spells: 2/12 levels left

rFire    . . .     SeeInvis .   p - -1 hand axe (curse)
rCold    . . .     Gourm    .   (no shield)
rNeg     . . .     Faith    .   a - +0 robe
rPois    .         Spirit   .   (helmet restricted)
rElec    .         Reflect  .   (no cloak)
rCorr    .         Harm     .   (gloves unavailable)
MR       .....                  (boots unavailable)
Stlth    +.........             (no amulet)
HPRegen  0.18/turn              (no ring)
MPRegen  0.12/turn              (no ring)

@: mighty, about to teleport
A: large, unfitting armour, tough skin 1
a: no special abilities


You were on level 6 of the Dungeon.
You were not hungry.

You visited 1 branch of the dungeon, and saw 5 of its levels.

You collected 194 gold pieces.

Inventory:

Hand Weapons
 o - a +0 trident
 p - a cursed -1 hand axe (weapon)
 q - a +0 quarterstaff
Armour
 a - a +0 robe (worn)
Scrolls
 d - a scroll of amnesia {unknown}
 e - 2 scrolls of teleportation
 f - a scroll of magic mapping {unknown}
 l - a scroll of remove curse {unknown}
 m - a scroll of blinking {unknown}
 n - a scroll of immolation {unknown}
 r - a scroll of enchant weapon {unknown}
Potions
 b - a potion of haste {unknown}
 h - a potion of curing {unknown}
 j - a potion of might
 k - a potion of mutation {unknown}
Comestibles
 c - 8 rations


   Skills:
 - Level 1.4 Fighting
 - Level 1.7 Dodging
 - Level 1.4 Stealth
 + Level 3.9 Spellcasting
 * Level 2.9 Conjurations
 * Level 4.4 Fire Magic


You had 2 spell levels left.
You knew the following spells:

 Your Spells              Type           Power        Failure   Level  Hunger
a - Flame Tongue          Conj/Fire      ###..        3%          1    None
b - Throw Flame           Conj/Fire      ###...       4%          2    ##.....
c - Conjure Flame         Conj/Fire      ###.....     10%         3    ###....
d - Sticky Flame          Conj/Fire      ###.....     32%         4    ####...

Your spell library contained the following spells:

 Spells                   Type           Power        Failure   Level  Hunger
 Inner Flame              Hex/Fire       ##......     19%         3    ###....
 Fireball                 Conj/Fire      ###.......   65%         5    ######.


Dungeon Overview and Level Annotations

Branches:
Dungeon (4/15)
 Temple: D:4-7

Altars:


Innate Abilities, Weirdness & Mutations

You are too large for most types of armour.
You have tough skin. (AC +1)


Message History

* * * LOW HITPOINT WARNING * * *
You feel very mighty all of a sudden. The hound skeleton closely misses you.
You slash the hound skeleton!
The hound skeleton is almost destroyed.
The hound skeleton barely misses you.
The hound skeleton bites you but does no damage.
You hit the hound skeleton.
You destroy the hound skeleton!
You start resting.
The jackal is too close now for your liking.
The centaur wields a +0 shortbow.
The centaur shoots an arrow.
The arrow hits you.
* * * LOW HITPOINT WARNING * * *
You see here an arrow.
As you read the scroll of teleportation, it crumbles to dust.
You feel strangely unstable.
The centaur shoots an arrow.
The arrow completely misses you.
The centaur shoots an arrow.
The arrow hits you!
You die...

.. . . $## #.#####
..# #......######
#.! #...h.......#
#.# #.......# ##.#
# #†#
#...###.####..!.##
.##(## ##
#..@(.......
.h.rc#
#####).##...
###h..)# ..#
#....# ..c.
....... ...##
.o....... ##..
#......... ...
.......... .#.#
.#.....#..


You could see a centaur and a jackal (wandering).

Vanquished Creatures
  A bullfrog (D:6)
  A jelly (D:6)
  Jessica (D:3)
  A hound skeleton (D:6)
  4 adders
  2 oozes (D:1)
  An adder zombie (D:6)
  3 worms
  3 leopard geckos
  4 orcs
  A ball python (D:3)
  A giant cockroach (D:1)
  7 goblins
  6 hobgoblins
  12 jackals
  7 kobolds
  A quokka (D:4)
  6 bats
  3 frilled lizards
  6 rats
71 creatures vanquished.

Notes
Turn   | Place    | Note
-------+----------+-------------------------------------------
     0 | D:1      | Garbasso the Ogre Fire Elementalist began the quest for the
                  | Orb.
     0 | D:1      | Reached XP level 1. HP: 16/16 MP: 3/3
    63 | D:1      | Reached skill level 1 in Conjurations
   186 | D:1      | Reached XP level 2. HP: 24/24 MP: 1/5
   194 | D:1      | Reached skill level 3 in Fire Magic
   371 | D:1      | Learned a level 2 spell: Throw Flame
   620 | D:1      | Reached XP level 3. HP: 31/31 MP: 5/7
   625 | D:1      | Learned a level 3 spell: Conjure Flame
  2324 | D:2      | Reached XP level 4. HP: 39/39 MP: 3/8
  2910 | D:3      | Noticed Jessica
  3138 | D:3      | Killed Jessica
  3138 | D:3      | Reached skill level 1 in Fighting
  3138 | D:3      | Reached XP level 5. HP: 34/48 MP: 4/10
  3227 | D:3      | Learned a level 4 spell: Sticky Flame
  3357 | D:3      | Reached skill level 4 in Fire Magic
  3869 | D:4      | You fall through a shaft for 2 floors!
  3869 | D:6      | Noticed a centaur
  3985 | D:6      | Reached XP level 6. HP: 18/55 MP: 1/11
  4000 | D:6      | Shot with an arrow by a centaur

Vault maps used:
D:1:      dpeg_arrival_chase, serial_forest, infiniplex_forest_lined_ring,
          infiniplex_forest_clump_small, infiniplex_forest_clump_C,
          infiniplex_forest_lined_room_3, infiniplex_forest_clump_curved,
          infiniplex_forest_straight_2, infiniplex_forest_zigzag_1
D:2:      first_ration, serial_bayou_pond_a, corexii_leaking_fountain,
          chequers_mini_garden
D:3:      minmay_misc_feat_roman, uniq_jessica
D:4:      kennysheep_big_flooded_room, old_standard_altar,
          hangedman_decor_opposing
D:6:      grunt_temple_overflow_octagram

Skill      XL: |  1  2  3  4  5 |
---------------+----------------+-----
Conjurations   | 1 2 |  2.9
Fire Magic     | 3 4 |  4.4
Spellcasting   | 3 |  3.9
Fighting       | 1 |  1.4
Dodging        | |  1.7
Stealth        | |  1.4

Action                   |  1- 3 |  4- 6 || total
-------------------------+-------+-------++-------
Melee: Unarmed           |    23 |       ||    23
       Dagger            |    17 |    12 ||    29
       Hand axe          |       |     2 ||     2
 Cast: Flame Tongue      |    49 |    57 ||   106
       Throw Flame       |     6 |    24 ||    30
       Conjure Flame     |     3 |     2 ||     5
  Use: Potion            |     1 |     2 ||     3
       Scroll            |       |     5 ||     5
  Eat: Chunk             |     2 |     6 ||     8
       Ration            |     1 |       ||     1
Armor: Robe              |    19 |     6 ||    25
Dodge: Dodged            |    24 |    26 ||    50

Table legend:
 A = Non-vault XP
 B = Vault XP
 C = Vault XP percentage of total XP
 D = Non-vault monster count
 E = Vault monster count
 F = Vault count percentage of total count
                 A         B        C        D         E       F
            +---------+---------+-------+---------+---------+-------
      Total |     334 |      42 |  11.2 |      68 |       3 |   4.2
            +---------+---------+-------+---------+---------+-------
        D:1 |      50 |       0 |   0.0 |      23 |       0 |   0.0
        D:2 |      60 |       0 |   0.0 |      18 |       0 |   0.0
        D:3 |      55 |      37 |  40.2 |      21 |       1 |   4.5
        D:4 |       0 |       5 | 100.0 |       0 |       2 | 100.0
        D:6 |     169 |       0 |   0.0 |       6 |       0 |   0.0
            +---------+---------+-------+---------+---------+-------
